 Dungeon Crawl Stone Soup version 0.32-a0-471-gb91d5d9764 (webtiles) character file.

Game seed: 17110042443714779544

26003 mopl the Toxicologist (level 13, -2/79 HPs)
             Began as an Octopode Alchemist on Feb 25, 2024.
             Was an Elder of Vehumet.
             Slain by Jorgrun
             ... wielding a staff of earth
              (3 damage)
             ... while petrified by Jorgrun
             ... on level 12 of the Dungeon.
             The game lasted 00:29:58 (12058 turns).

mopl the Toxicologist (Octopode Alchemist)         Turns: 12058, Time: 00:29:59

Health: -2/79      AC:  3    Str:  8    XL:     13   Next: 23%
Magic:  25/26      EV: -1    Int: 21    God:    Vehumet [****..]
Gold:   1838       SH:  0    Dex: 13    Spells: 13/31 levels left

rFire   + . .        a - staff of alchemy
rCold   + . .        O - orb of the Will of the Gods {*channel, rC+ Regen+ Earth}
rNeg    + + +        z - +2 hat
rPois   ∞            B - amulet of regeneration
rElec   .            k - ring of protection from fire
rCorr   .            p - ring of flight
SInv    .            I - +5 ring of evasion
Will    .....        (no ring)
Stlth   +++          (no ring)
HPRegen 1.93/turn    (no ring)
MPRegen 0.20/turn    (no ring)
                     (no ring)

%: channel magic (20%)
@: petrified, grasped by roots, flying, constricted, studying Axes
A: almost no armour, amphibious, 8 rings, camouflage 1, gelatinous body 1,
(nimble swimmer 1), tentacles
a: Renounce Religion


You were on level 12 of the Dungeon.
You worshipped Vehumet.
Vehumet was greatly pleased with you.
You visited 2 branches of the dungeon, and saw 13 of its levels.
You also visited: Ossuary, Bailey and Ice Cave.

You collected 1838 gold pieces.

Inventory:

Hand Weapons
 g - a +2 short sword of speed
 q - a +2 dagger of venom
 J - a +1 demon whip of venom
 R - a +5 eveningstar
Missiles
 x - 19 poisoned darts
 y - a throwing net
 A - 5 silver javelins
 M - 3 boomerangs
 P - 5 curare-tipped darts
 Q - 4 javelins
Armour
 z - a +2 hat (worn)
 L - an orb of light
 N - a +0 kite shield
 O - the orb of the Will of the Gods (worn) {*channel, rC+ Regen+ Earth}
   (You acquired it in a bailey)

   rC+:       It protects you from cold.
   Regen+:    It increases your rate of health regeneration.
   Earth:     It increases the power of your Earth spells.
 W - a +3 buckler of cold resistance
Magical Staves
 a - a staff of alchemy (weapon)
 E - a staff of air
 G - a staff of death
 T - a staff of earth
 U - a staff of cold
Jewellery
 k - a ring of protection from fire (left tentacle)
 p - a ring of flight (right tentacle)
 B - an amulet of regeneration (around mantle)
 I - a +5 ring of evasion (on tentacle)
 V - a ring of ice
Wands
 C - a wand of iceblast (2)
 D - a wand of flame (24)
 H - a wand of charming (4)
 X - a wand of polymorph (4)
Scrolls
 b - a scroll of identify
 f - 2 scrolls of amnesia {unknown}
 h - 2 scrolls of fear
 j - 2 scrolls of enchant weapon {unknown}
 l - 3 scrolls of revelation
 m - a scroll of poison {unknown}
 o - 2 scrolls of enchant armour
 r - a scroll of fog
 t - 2 scrolls of butterflies
 u - 3 scrolls of teleportation {unknown}
 v - 3 scrolls of blinking {unknown}
Potions
 c - 2 potions of invisibility
 d - 4 potions of lignification {!q}
 e - 4 potions of heal wounds
 i - 14 potions of curing
 n - 4 potions of might
 s - 3 potions of mutation {!q}
 w - 4 potions of enlightenment
 F - 2 potions of ambrosia
 K - a potion of brilliance {unknown}
 S - 2 potions of magic


   Skills:
 + Level 4.0 Fighting
 + Level 4.5 Dodging
 - Level 2.6 Stealth
 + Level 3.8 Shields
 * Level 9.8 Spellcasting
 * Level 10.5 Conjurations
 - Level 5.0 Translocations
 * Level 9.8 Fire Magic
 * Level 11.8 Alchemy


You had 13 spell levels left.
You knew the following spells:

 Your Spells              Type           Power      Damage    Failure   Level
a - Sting                 Conj/Alch      100%       1d9       1%          1
b - Iskenderun's Mystic   Conj/Tloc      42%        2d10      2%          4
d - Sticky Flame          Fire/Alch      70%        2d11      1%          4
f - Fireball              Conj/Fire      26%        3d12      2%          5
o - Olgreb's Toxic Radia  Alch           74%        N/A       1%          4

Your spell library contained the following spells:

 Spells                   Type           Power      Damage    Failure   Level
 Volatile Blastmotes      Fire/Tloc      82%        2d16      1%          3
 Shock                    Conj/Air       100%       1d9       1%          1
 Mercury Vapours          Alch/Air       100%       N/A       1%          2
 Momentum Strike          Conj/Tloc      84%        3d10      1%          2
 Mephitic Cloud           Conj/Alch/Air  58%        N/A       1%          3
 Flame Wave               Conj/Fire      52%        2d13      1%          4
 Iskenderun's Battlesphe  Conj           53%        2d10      2%          5
 Brom's Barrelling Bould  Conj/Erth      48%        2d7       5%          4
 Starburst                Conj/Fire      26%        6d8       10%         6
 Slow                     Hex            40%        N/A       19%         1
 Ensorcelled Hibernation  Hex/Ice        20%        N/A       24%         2
 Airstrike                Air            5%         2d(1-17)  28%         4
 Orb of Destruction       Conj           26%        9d9       32%         7
 Confusing Touch          Hex            10%        N/A       41%         3
 Passwall                 Erth           15%        N/A       41%         3
 Sigil of Binding         Hex            10%        N/A       41%         3
 Swiftness                Air            10%        N/A       41%         3
 Tukima's Dance           Hex            10%        N/A       41%         3
 Vampiric Draining        Necr           10%        2d6       41%         3
 Conjure Ball Lightning   Conj/Air       16%        3x3d6     43%         6
 Dimensional Bullseye     Hex/Tloc       10%        N/A       45%         4


Dungeon Overview and Level Annotations

Branches:
Dungeon (12/15)            Temple (1/1) D:6            Lair (0/5) D:9
    Orc (0/2) D:12        Ossuary (visited)          Bailey (visited)
  IceCv (visited)

Altars:
Ashenzari
Cheibriados
Dithmenos
Elyvilon
Fedhas
Gozag
Hepliaklqana
Kikubaaqudgha
Makhleb
Nemelex Xobeh
Okawaru
Qazlal
Ru
Sif Muna
Trog
Uskayaw
Vehumet
Wu Jian
Xom
Yredelemnul
Zin
The Shining One

Shops:
D:3 :   D:10 [   D:12 [

Annotations:
D:3 2 transporters, Konar's ghost, amateur CoHu
D:9 3 runed translucent doors, Mll's ghost, novice GrBe
D:10 2 transporters, Alarak's ghost, journeyman FoFi
D:12 Jorgrun


Innate Abilities, Weirdness & Mutations

You cannot wear most types of armour.
You are amphibious.
You can wear up to eight rings at the same time.
Your skin changes colour to match your surroundings (Stealth+).
Your rubbery body absorbs attacks. (AC +1, EV +1)
((You are camouflaged when in or above water. (Stealth+)))
You have tentacles for arms and can constrict up to eight enemies at once.


Message History

Your limbs are stiffening.
Unknown command.
Unknown command.
Unknown command.
As you read the scroll labelled ENAELYOCRO, it crumbles to dust.
It is a scroll of enchant armour.
Your +2 buckler of cold resistance glows green for a while.
You have turned to stone.
An orc comes into view. It is wielding a +0 dagger.
Jorgrun points at you and mumbles some strange words.
Roots burst forth from the earth!
The grasping roots grab you! The grasping roots constrict you!
The grasping roots constrict you!!
A komodo dragon comes into view.
The grasping roots constrict you!! Jorgrun hits you with a staff of earth!
The ground beneath you fractures. The grasping roots constrict you!
The orc hits you with a +0 flail. Jorgrun hits you with a staff of earth!
The ground beneath you fractures. The grasping roots constrict you!!
The orc hits you but does no damage.
The komodo dragon hisses angrily.
Jorgrun hits you with a staff of earth!
* * * LOW HITPOINT WARNING * * *
The ground beneath you fractures.
* * * LOW HITPOINT WARNING * * *
The grasping roots constrict you!
* * * LOW HITPOINT WARNING * * *
The orc hits you with a +0 flail.
Jorgrun looks more healthy.
Jorgrun hits you with a staff of earth!
* * * LOW HITPOINT WARNING * * *
The ground beneath you fractures.
* * * LOW HITPOINT WARNING * * *
The grasping roots constrict you.
* * * LOW HITPOINT WARNING * * *
The orc hits you but does no damage. The orc hits you with a +0 flail!
* * * LOW HITPOINT WARNING * * *
Jorgrun hits you with a staff of earth!
* * * LOW HITPOINT WARNING * * *
The ground beneath you fractures!
You die...

......................#*,,,,*****
,***............#........*,,,,,,*
,,,,,#.........####.###.#***,,,,,
,,,,.##......†).##...)### ***,,,,
*,,,.......)).####.#..####*,,,***
*,,,..........)###.#.....#,,,,*
*,,,...........##.........,,***
,,**#..............##.....,,*
,,**........##..@o.#.....#****
,,,*........##..ogo......$,,,**
,,,,...>..........$.......,,,,*
,,,,......................,,,,**
,,,,**............l#.....#,,,,>*
*,,,,*,*,).........#....##,,,,**
**,,,,**,......##......)..,,,**
**,,,,,,,.......##.#.#....,,,*
,**,,,,,,,.....,,..#**..)o,,,*


You could see Jorgrun, a komodo dragon and 3 orcs.

Vanquished Creatures
  A reaper (IceCv)
  Fannar (D:11)
  4 boulder beetles (D:11)
  A tengu warrior (D:9)
  Urug (D:11)
  An orc high priest (Bailey)
  Sonja (D:10)
  Amaemon (D:8)
  Pikel (D:9)
  An orc knight (Bailey)
  3 ugly things
  2 cyclopes (D:11)
  3 manticores (D:11)
  Joseph (D:8)
  2 ice statues (IceCv)
  A gargoyle (D:11)
  An orange demon (D:8)
  Maggie (D:8)
  2 kobold demonologists
  7 ice devils (IceCv)
  3 trolls
  Grinder (D:6)
  Sigmund (D:2)
  4 shadows
  A wraith (D:11)
  A wyvern (D:9)
  19 yaks
  4 vampire mosquitoes
  2 death yak simulacra (IceCv)
  2 steam dragons
  An acid dragon (D:9)
  11 orc warriors
  2 hydra simulacra (IceCv)
  4 black bears
  2 sky beasts
  3 ice beasts
  A centaur (D:11)
  3 lemures (D:9)
  2 kobold brigands
  A phantom (D:6)
  2 weeping skulls (Ossuary)
  3 bullfrogs
  3 two-headed ogre simulacra (IceCv)
  3 scorpions
  A cane toad simulacrum (IceCv)
  9 wights
  14 killer bees
  4 electric eels (Bailey)
  6 howler monkeys
  4 bombardier beetles
  4 hounds
  5 orc priests
  A jelly (D:5)
  A sleepcap (D:7)
  Terence (D:2)
  3 iguanas
  10 orc wizards
  A spriggan simulacrum (IceCv)
  3 wolf simulacra (IceCv)
  2 troll simulacra (IceCv)
  2 mummies (Ossuary)
  6 adders
  8 gnolls
  2 naga simulacra (IceCv)
  A shadow imp (D:8)
  2 white imps (IceCv)
  3 ufetubi (IceCv)
  2 dart slugs (D:3)
  36 orcs
  4 endoplasms
  2 giant cockroaches
  3 gnoll zombies (Ossuary)
  10 goblins
  14 hobgoblins
  4 jackals (D:5)
  4 quokkas
  4 ball pythons
  2 bats
  A frilled lizard (D:2)
  8 kobolds
  3 kobold zombies (Ossuary)
  2 orc zombies (Ossuary)
  5 rats
312 creatures vanquished.

Notes
Turn   | Place    | Note
-------+----------+-------------------------------------------
     0 | D:1      | mopl the Octopode Alchemist began the quest for the Orb.
     0 | D:1      | Reached XP level 1. HP: 11/11 MP: 3/3
   174 | D:1      | Got the Incunable of Parallel Conjury
   184 | D:1      | Found a faded altar of an unknown god.
   238 | D:1      | Reached XP level 2. HP: 17/17 MP: 3/5
   605 | D:2      | Reached XP level 3. HP: 10/21 MP: 1/6
   750 | D:2      | Noticed Terence
   756 | D:2      | Killed Terence
   757 | D:2      | Reached skill level 2 in Conjurations
   757 | D:2      | Reached skill level 4 in Alchemy
   757 | D:2      | Reached XP level 4. HP: 27/27 MP: 3/8
   832 | D:2      | Noticed Sigmund
   897 | D:2      | Killed Sigmund
   898 | D:2      | Reached skill level 3 in Spellcasting
   898 | D:2      | Reached skill level 3 in Conjurations
   898 | D:2      | Reached XP level 5. HP: 22/31 MP: 1/10
   898 | D:2      | Reached XP level 6. HP: 25/36 MP: 1/11
   916 | D:2      | Learned a level 4 spell: Olgreb's Toxic Radiance
   921 | D:2      | Learned a level 4 spell: Sticky Flame
  1393 | D:3      | Found a transporter.
  1403 | D:3      | Noticed Konar's ghost (amateur CoHu)
  1430 | D:3      | Reached skill level 5 in Alchemy
  1430 | D:3      | Found Abokaha's Book Shoppe.
  1526 | D:3      | Identified the +1 leather armour of the Twelve Ears {rCorr
                  | Dex+3}
  1716 | D:3      | Found a transporter.
  2012 | D:4      | Found a sand-covered staircase.
  2020 | D:4      | Noticed a black bear
  2028 | D:4      | Killed a black bear
  2029 | D:4      | Reached skill level 1 in Fire Magic
  2050 | Ossuary  | Entered an ossuary
  2185 | Ossuary  | Reached skill level 4 in Spellcasting
  2185 | Ossuary  | Reached XP level 7. HP: 17/41 MP: 4/13
  2321 | Ossuary  | Reached skill level 4 in Conjurations
  2373 | Ossuary  | Reached skill level 2 in Fire Magic
  2976 | D:4      | Found a snail-covered altar of Cheibriados.
  2976 | D:4      | Found an ornate altar of the Wu Jian Council.
  3208 | D:5      | Entered Level 5 of the Dungeon
  3324 | D:5      | Found a blossoming altar of Fedhas.
  3332 | D:5      | Found a shimmering altar of Xom.
  3416 | D:5      | Reached skill level 6 in Alchemy
  3440 | D:5      | Found a glowing silver altar of Zin.
  3507 | D:5      | Reached XP level 8. HP: 46/46 MP: 11/15
  3520 | D:5      | Reached skill level 3 in Fire Magic
  3627 | D:5      | You are sucked into a shaft and drop 1 floor!
  3636 | D:6      | Learned a level 4 spell: Iskenderun's Mystic Blast
  3710 | D:6      | Reached skill level 5 in Spellcasting
  3710 | D:6      | Reached skill level 5 in Conjurations
  3710 | D:6      | Reached skill level 1 in Translocations
  3889 | D:5      | Noticed a kobold demonologist
  3897 | D:5      | Reached skill level 2 in Translocations
  3902 | D:5      | Killed a kobold demonologist
  3903 | D:5      | Reached skill level 4 in Fire Magic
  3903 | D:5      | Reached XP level 9. HP: 47/51 MP: 4/17
  4014 | D:5      | Reached skill level 7 in Alchemy
  4434 | D:6      | Noticed Grinder
  4468 | D:6      | Killed Grinder
  4469 | D:6      | Reached skill level 3 in Translocations
  4591 | D:6      | Found a staircase to the Ecumenical Temple.
  4598 | Temple   | Entered the Ecumenical Temple
  4607 | Temple   | Became a worshipper of Vehumet
  4650 | D:6      | Reached skill level 6 in Conjurations
  4859 | D:7      | Reached skill level 6 in Spellcasting
  4920 | D:7      | Found a sparkling altar of Nemelex Xobeh.
  4953 | D:7      | Reached skill level 5 in Fire Magic
  4956 | D:7      | Reached skill level 4 in Translocations
  5041 | D:7      | Reached skill level 8 in Alchemy
  5083 | D:7      | Reached XP level 10. HP: 56/56 MP: 10/19
  5174 | D:7      | Reached * piety under Vehumet
  5174 | D:7      | Offered knowledge of Foxfire by Vehumet.
  5630 | D:8      | Noticed Maggie
  5641 | D:8      | Killed Maggie
  5642 | D:8      | Reached skill level 7 in Conjurations
  5722 | D:8      | Noticed Joseph
  5729 | D:8      | Reached skill level 6 in Fire Magic
  5734 | D:8      | Killed Joseph
  5735 | D:8      | Reached skill level 5 in Translocations
  6012 | D:8      | Reached skill level 7 in Spellcasting
  6455 | D:8      | Reached skill level 9 in Alchemy
  6465 | D:8      | Noticed Amaemon
  6470 | D:8      | Noticed an orange demon
  6516 | D:8      | Killed Amaemon
  6533 | D:8      | Killed an orange demon
  6754 | D:9      | Found a sacrificial altar of Ru.
  6791 | D:9      | Reached skill level 7 in Fire Magic
  6797 | D:9      | Reached skill level 8 in Conjurations
  6797 | D:9      | Reached XP level 11. HP: 61/61 MP: 12/22
  6841 | D:9      | Found a runed translucent gate.
  6841 | D:9      | Noticed a nine-headed hydra
  6842 | D:9      | Found a runed translucent gate.
  6843 | D:9      | Found a runed translucent gate.
  6843 | D:9      | Noticed Mll's ghost (novice GrBe)
  6853 | D:9      | Offered knowledge of Sandblast by Vehumet.
  6864 | D:9      | Reached ** piety under Vehumet
  6901 | D:9      | Found a broken altar of Ashenzari.
  6920 | D:9      | Found a staircase to the Lair.
  7228 | D:9      | Noticed Pikel
  7260 | D:9      | Killed Pikel
  7261 | D:9      | Reached skill level 8 in Spellcasting
  7330 | D:9      | Reached skill level 10 in Alchemy
  7411 | D:9      | Noticed a tengu warrior
  7431 | D:9      | Killed a tengu warrior
  7832 | D:10     | Entered Level 10 of the Dungeon
  7845 | D:10     | Found a flagged portal.
  7854 | Bailey   | Entered a bailey
  7942 | Bailey   | Noticed an orc high priest
  8050 | Bailey   | Noticed a sun demon
  8054 | Bailey   | Killed an orc high priest
  8055 | Bailey   | Reached skill level 1 in Fighting
  8105 | Bailey   | Offered knowledge of Static Discharge by Vehumet.
  8110 | Bailey   | Reached skill level 8 in Fire Magic
  8143 | Bailey   | Reached skill level 1 in Shields
  8156 | Bailey   | Found an iron altar of Okawaru.
  8204 | Bailey   | Acquired the orb of the Will of the Gods {*channel, rC+
                  | Regen+ Earth}
  8224 | Bailey   | Identified the +5 arbalest "Relynti" {penet, ^Drain rCorr
                  | Int+2 Dex+5}
  8320 | Bailey   | Reached *** piety under Vehumet
  8363 | Bailey   | Noticed an orc knight
  8399 | Bailey   | Killed an orc knight
  8400 | Bailey   | Reached skill level 9 in Conjurations
  8470 | Bailey   | Acquired 925 gold pieces
  8621 | D:10     | Found a transporter.
  8625 | D:10     | Noticed Alarak's ghost (journeyman FoFi)
  8626 | D:10     | Noticed a moth of wrath
  8861 | D:10     | Offered knowledge of Dazzling Flash by Vehumet.
  9117 | D:10     | Found Wuroar's Antique Armour Shop.
  9269 | D:10     | Noticed Sonja
  9273 | D:10     | Killed Sonja
  9274 | D:10     | Reached skill level 2 in Fighting
  9274 | D:10     | Reached XP level 12. HP: 47/70 MP: 13/24
  9385 | D:10     | Found a transporter.
  9507 | D:11     | Noticed Urug
  9512 | D:10     | Reached skill level 2 in Shields
  9547 | D:10     | Reached skill level 3 in Dodging
  9838 | D:11     | Noticed a boulder beetle
  9845 | D:11     | Killed a boulder beetle
  9980 | D:11     | Killed Urug
  9981 | D:11     | Reached skill level 9 in Spellcasting
 10134 | D:11     | Reached skill level 11 in Alchemy
 10189 | D:11     | Noticed Fannar
 10242 | D:11     | Killed Fannar
 10402 | D:11     | Noticed a boulder beetle
 10411 | D:11     | Killed a boulder beetle
 10412 | D:11     | Reached skill level 9 in Fire Magic
 10620 | D:11     | Reached skill level 3 in Fighting
 10816 | D:11     | Noticed a boulder beetle
 10823 | D:11     | Killed a boulder beetle
 10824 | D:11     | Reached skill level 3 in Shields
 10828 | D:11     | Noticed a boulder beetle
 10835 | D:11     | Reached **** piety under Vehumet
 10836 | D:11     | Killed a boulder beetle
 10837 | D:11     | Reached skill level 10 in Conjurations
 11163 | D:12     | Reached skill level 4 in Dodging
 11168 | D:12     | Found a frozen archway.
 11204 | IceCv    | Entered an ice cave
 11267 | IceCv    | Offered knowledge of Volatile Blastmotes by Vehumet.
 11402 | IceCv    | Learned a level 5 spell: Fireball
 11408 | IceCv    | Reached XP level 13. HP: 78/78 MP: 24/26
 11640 | IceCv    | Noticed a reaper
 11648 | IceCv    | Killed a reaper
 11826 | IceCv    | Reached skill level 4 in Fighting
 12043 | D:12     | Found Ucomnet's Armour Shoppe.
 12043 | D:12     | Noticed Jorgrun
 12058 | D:12     | HP: 1/79 [Jorgrun/staff of earth (8)]
 12058 | D:12     | Slain by Jorgrun

Illustrated notes

Levels and vault maps discovered:
D:1:      minmay_arrival_jagged, layout_rooms, ebering_ecumenical_altar_ruins
D:2:      layout_loops_ring, uniq_sigmund, uniq_terence
D:3:      layout_basic, serial_shops, shop, gammafunk_ghost_arena,
          minmay_misc_feat_more_columns, grunt_decor_junction
D:4:      layout_basic, gammafunk_temple_overflow_wave, enter_ossuary_1
D:5:      kennysheep_big_flooded_room, layout_gridville,
          mainiacjoe_overflow_surrounded_room,
          mainiacjoe_overflow_large_starburst
D:6:      layout_gridville, minmay_temple_entry_fiery, kennysheep_nondescript,
          uniq_grinder
D:7:      layout_gridville, nicolae_overflow_crystal_walls, grunt_ministairs_9,
          minmay_between
D:8:      layout_basic, serial_glass, glass_columns_b, glass_columns_b,
          uniq_amaemon, uniq_maggie, uniq_joseph
D:9:      layout_stronghold, nicolae_ashenzari_panopticon,
          nicolae_ru_awakened_eye, lair_entry_dummy, gammafunk_ghost_hydra_chop,
          minmay_misc_feat_nine_boxes, grunt_decor_resistance, st_stairs_12,
          uniq_pikel
D:10:     layout_loops_corners, serial_shops, nicolae_shop_real_fake_doors,
          gammafunk_ghost_berserking_beasts, enter_bailey_8, uniq_sonja
D:11:     minmay_razor_zed, layout_long_grid, uniq_urug, uniq_fannar
D:12:     layout_cave_pools, orc_david_3, portal_ice_cave_entry_pillars_2,
          minmay_misc_feat_tower, uniq_jorgrun
Temple:   eino_temple_lava

Skill      XL: |  1  2  3  4  5  6  7  8  9 10 11 12 13 |
---------------+----------------------------------------+-----
Conjurations   | 2 3 4 5 6 8 9 10 | 10.5
Alchemy        | 4 5 6 8 9 10 11 | 11.8
Spellcasting   | 3 4 5 6 7 8 9 |  9.8
Fire Magic     | 1 2 4 5 7 8 9 |  9.8
Translocations | 2 4 5 |  5.0
Fighting       | 2 3 4 |  4.0
Shields        | 1 3 |  3.8
Dodging        | 4 |  4.5
Stealth        | |  2.6

Action                     |  1- 3 |  4- 6 |  7- 9 | 10-12 | 13-15 || total
---------------------------+-------+-------+-------+-------+-------++-------
  Melee: Unarmed           |    11 |       |       |       |       ||    11
         Constrict         |     6 |     9 |    15 |    25 |     1 ||    56
         Tentacles         |     4 |    14 |    23 |    42 |     1 ||    84
         Short sword       |     3 |    34 |    83 |   117 |       ||   237
         Staff             |       |       |       |    14 |     6 ||    20
   Cast: Sting             |    19 |    57 |    53 |     4 |       ||   133
         Olgreb's Toxic Ra |       |     1 |    20 |    98 |     3 ||   122
         Sticky Flame      |       |       |     5 |    72 |     7 ||    84
         Iskenderun's Myst |       |       |       |     4 |       ||     4
         Fireball          |       |       |       |     2 |    24 ||    26
  Evoke: Wand              |       |       |       |    11 |       ||    11
    Use: Scroll            |       |       |     6 |     6 |     2 ||    14
         Potion            |       |       |     1 |     2 |       ||     3
   Stab: Sleeping          |     2 |     1 |     7 |     1 |       ||    11
 Armour: Skin              |    10 |    14 |    45 |   126 |    32 ||   227
  Dodge: Dodged            |    12 |    25 |    45 |   160 |    10 ||   252

Table legend: (Time is in decaauts)
 A = Elapsed time spent in this place.
 B = Non-inter-level travel time spent in this place.
 C = Inter-level travel time spent in this place.
 D = Time resting spent in this place.
 E = Time spent auto-exploring this place.
 F = Levels seen in this place.
 G = Mean time per level.
                   A        B        C        D        E       F      G
               +--------+--------+--------+--------+--------+-----+--------+
         Total |  11984 |  11560 |    424 |   1968 |   6760 |  16 |  749.0 |
       Dungeon |  10223 |   9808 |    415 |   1425 |   6496 |  12 |  851.9 |
        Temple |     18 |      9 |      9 |      0 |      0 |   1 |   18.0 |
       Ossuary |    351 |    351 |      0 |    144 |     10 |   1 |  351.0 |
        Bailey |    637 |    637 |      0 |     30 |    197 |   1 |  637.0 |
      Ice Cave |    753 |    753 |      0 |    369 |     57 |   1 |  753.0 |
               +--------+--------+--------+--------+--------+-----+--------+

Top non-repeatable levels by time:
    D:11: 1555 daAuts
     D:9: 1134 daAuts
    D:10: 1116 daAuts
     D:8: 1074 daAuts
     D:5: 912 daAuts
     D:7: 843 daAuts
     D:4: 839 daAuts
     D:2: 790 daAuts
   IceCv: 753 daAuts
  Bailey: 637 daAuts
     D:3: 605 daAuts
     D:6: 603 daAuts
     D:1: 593 daAuts
 Ossuary: 351 daAuts
    D:12: 153 daAuts
